 Dungeon Crawl Stone Soup version 0.30.0-29-ga12c61a403 (webtiles) character file.

Game seed: 7407773815212859444

208964 DemonSlayer the Eclecticist (level 18, -6/129 HPs)
             Began as a Demonspawn Earth Elementalist on June 18, 2023.
             Was the Champion of Dithmenos.
             Mangled by a demonic crawler (8 damage)
             ... on level 2 of the Spider Nest on June 19, 2023.
             The game lasted 01:49:52 (44684 turns).

DemonSlayer the Eclecticist (DsEE)                 Turns: 44684, Time: 01:49:54

Health: -6/129     AC: 12    Str: 17    XL:     18   Next: 52%
Magic:  46/46      EV: 17    Int: 19    God:    Dithmenos [******]
Gold:   1175       SH: 25    Dex: 19    Spells: 12/48 levels left

rFire   + . .        S - +2 flail of Amorality {spect, rN+ Will+ MP+9 Dex-2}
rCold   . . .        a - +8 kite shield "Minwecau" {rPois}
rNeg    + . .        M - +1 troll leather armour
rPois   +            (helmet restricted)
rElec   +            O - +0 cloak of Utooc {rF+ Regen+ rCorr Str+4}
rCorr   +            v - +2 pair of gloves {Stlth+}
SInv    +            (no boots)
Will    ++...        J - amulet of Vitality {RegenMP++ Regen++}
Stlth   ++++++++     N - ring of the Cicada {+Blink rPois rCorr Int+2 Stlth-}
HPRegen 3.61/turn    H - ring "Pomagrop" {rElec Str+4 Slay+5 SInv}
MPRegen 1.10/turn

%: no passive effects
@: mighty, corroded, wreathed by umbra, studying Armour
A: horns 2, rugged brown scales 2, icemail 1, spiny 3, condensation shield
a: Renounce Religion, Evoke Blink, Shadow Step, Shadow Form


You were on level 2 of the Spider Nest.
You worshipped Dithmenos.
Dithmenos was exalted by your worship.
You visited 7 branches of the dungeon, and saw 30 of its levels.
You visited 1 bazaar.
You also visited: Sewer and Ice Cave.

You collected 3536 gold pieces.
You spent 2361 gold pieces at shops.

Inventory:

Hand Weapons
 z - a +9 dagger of venom
 S - the +2 flail of Amorality (weapon) {spect, rN+ Will+ MP+9 Dex-2}
   (You found it on level 3 of the Elven Halls)

   Dex:       It affects your dexterity (-2).
   rN:        It protects you from negative energy.
   MP:        It affects your magic capacity (+9).
   Will:      It increases your willpower.
Missiles
 s - a throwing net
 w - 2 silver javelins
 E - 2 curare-tipped darts
 F - 3 atropa-tipped darts
Armour
 a - the +8 kite shield "Minwecau" (worn) {rPois}
   (You acquired it on level 11 of the Dungeon)

   rPois:     It protects you from poison.
 v - a +2 pair of gloves of stealth (worn)
 M - a +1 troll leather armour (worn)
 O - the +0 cloak of Utooc (worn) {rF+ Regen+ rCorr Str+4}
   (You found it on level 14 of the Dungeon)

   Str:       It affects your strength (+4).
   rF:        It protects you from fire.
   Regen:     It increases your rate of health regeneration.
   rCorr:     It protects you from acid and corrosion.
Jewellery
 o - the ring "Sitecsac" {rC+ Str+3 Int+3 Dex+2}
   (You found it on level 5 of the Lair of Beasts)

   [ring of protection from cold]

   Str:       It affects your strength (+3).
   Int:       It affects your intelligence (+3).
   Dex:       It affects your dexterity (+2).
   rC:        It protects you from cold.
 H - the ring "Pomagrop" (right hand) {rElec Str+4 Slay+5 SInv}
   (You took it off a wight on level 10 of the Dungeon)

   [ring of see invisible]

   Str:       It affects your strength (+4).
   Slay:      It affects your accuracy & damage with ranged weapons and melee
   (+5).
   rElec:     It insulates you from electricity.
   SInv:      It lets you see invisible.
 J - the amulet of Vitality (around neck) {RegenMP++ Regen++}
   (You bought it in a shop on level 1 of the Elven Halls)

   [amulet of magic regeneration]

   It increases your rate of magic regeneration.
   Regen:     It increases your rate of health regeneration.
 N - the ring of the Cicada (left hand) {+Blink rPois rCorr Int+2 Stlth-}
   (You took it off a deep elf blademaster on level 3 of the Elven Halls)

   [ring of poison resistance]

   Int:       It affects your intelligence (+2).
   rPois:     It protects you from poison.
   +Blink:    It lets you blink.
   rCorr:     It protects you from acid and corrosion.
   Stlth:     It makes you less stealthy.
Wands
 b - a wand of flame (42)
 h - a wand of iceblast (14)
 y - a wand of digging (6)
 A - a wand of mindburst (1)
 B - a wand of charming (29)
 G - a wand of polymorph (11)
Scrolls
 c - 6 scrolls of vulnerability
 e - 5 scrolls of identify
 j - 8 scrolls of teleportation
 k - 3 scrolls of immolation
 l - 3 scrolls of magic mapping
 n - 2 scrolls of amnesia
 p - 9 scrolls of poison
Potions
 m - 9 potions of curing
 q - 5 potions of attraction
 r - 6 potions of brilliance
 u - 8 potions of mutation
 C - 5 potions of lignification
 K - 4 potions of flight
Miscellaneous
 d - a phantom mirror


   Skills:
 + Level 5.8 Fighting
 + Level 7.2 Short Blades
 + Level 1.5 Throwing
 + Level 6.4 Armour
 + Level 9.5 Dodging
 + Level 9.2 Stealth
 + Level 11.6 Shields
 + Level 0.7 Unarmed Combat
 + Level 15.6 Spellcasting
 + Level 14.4 Conjurations
 + Level 2.3 Transmutations
 + Level 14.8 Earth Magic
 + Level 4.0 Evocations


You had 12 spell levels left.
You knew the following spells:

 Your Spells              Type           Power      Damage    Failure   Level
a - Sandblast             Erth           100%       2d20      1%          1
b - Passwall              Tmut/Erth      39%        N/A       1%          2
c - Stone Arrow           Conj/Erth      100%       3d13      1%          3
d - Petrify               Tmut/Erth      47%        N/A       2%          4
e - Dispel Undead         Necr           14%        3d10      67%         4
f - Borgnjor's Vile Clut  Necr/Erth      21%        N/A       12%         5
g - Lehudib's Crystal Sp  Conj/Erth      31%        10d8      83%         8
h - Lee's Rapid Deconstr  Erth           31%        3d16*     1%          5
i - Leda's Liquefaction   Hex/Erth       21%        N/A       4%          4

Your spell library contained the following spells:

 Spells                   Type           Power      Damage    Failure   Level
 Kiss of Death            Conj/Necr      100%       2d13      1%          1
 Shock                    Conj/Air       100%       1d9       1%          1
 Hailstorm                Conj/Ice       42%        3d10      1%          3
 Animate Armour           Summ/Erth      86%        N/A       4%          4
 Sting                    Tmut/Pois      76%        1d6       6%          1
 Apportation              Tloc           28%        N/A       10%         1
 Freeze                   Ice            56%        1d7       10%         1
 Necrotise                Necr           56%        1d6       10%         1
 Slow                     Hex            56%        N/A       10%         1
 Summon Small Mammal      Summ           56%        N/A       10%         1
 Poisonous Vapours        Pois/Air       28%        N/A       14%         2
 Arcjolt                  Conj/Air       21%        1d31      14%         5
 Confusing Touch          Hex            14%        N/A       28%         3
 Frozen Ramparts          Ice            28%        1d5       28%         3
 Gell's Gravitas          Tloc           14%        N/A       28%         3
 Swiftness                Air            14%        N/A       28%         3
 Teleport Other           Tloc           14%        N/A       28%         3
 Vampiric Draining        Necr           14%        2d7       28%         3
 Vhi's Electric Charge    Tloc/Air       28%        N/A       28%         3
 Statue Form              Tmut/Erth      31%        N/A       38%         6
 Ice Form                 Ice/Tmut       19%        N/A       52%         4
 Conjure Ball Lightning   Conj/Air       21%        3x3d6     58%         6
 Airstrike                Air            7%         2d(1-17)  67%         4
 Animate Dead             Necr           14%        N/A       67%         4
 Olgreb's Toxic Radiance  Pois           14%        N/A       67%         4
 Passage of Golubria      Tloc           14%        N/A       67%         4
 Alistair's Intoxication  Tmut/Pois      12%        N/A       86%         5
 Agony                    Necr           14%        N/A       95%         5
 Silence                  Hex/Air        7%         N/A       95%         5
 Death Channel            Necr           7%         N/A       100%        6
 Dispersal                Tloc           7%         N/A       100%        6
 Eringya's Noxious Bog    Tmut/Pois      9%         N/A       100%        6
 Simulacrum               Ice/Necr       7%         N/A       100%        6
 Malign Gateway           Summ/Tloc      7%         N/A       100%        7
 Discord                  Hex            7%         N/A       100%        8
 Disjunction              Tloc           7%         N/A       100%        8
 Ignition                 Fire           7%         3d4       100%        8
 Maxwell's Capacitive Co  Air            7%         ∞         100%        8
 Summon Horrible Things   Summ           7%         N/A       100%        8


Dungeon Overview and Level Annotations

Branches:
Dungeon (15/15)            Temple (1/1) D:5            Lair (5/5) D:11
  Swamp (2/4) Lair:3       Spider (2/4) Lair:3        Slime (0/5) Lair:5
    Orc (2/2) D:12            Elf (3/3) Orc:2        Vaults (0/5) D:14
 Depths (0/4) D:15          Sewer (visited)           IceCv (visited)

Altars:
Ashenzari
Cheibriados
Dithmenos
Fedhas
Gozag
Hepliaklqana
Kikubaaqudgha
Makhleb
Nemelex Xobeh
Okawaru
Qazlal
Ru
Sif Muna
Trog
Uskayaw
Vehumet
Wu Jian
Xom
Yredelemnul
Jiyva

Shops:
D:2 !   D:13 *   Orc:1 !   Orc:2 [*?*   Elf:1 ==::


Innate Abilities, Weirdness & Mutations

You have a pair of horns on your head.
You are mostly covered in rugged brown scales. (AC +2, +5% HP)
A meltable icy envelope protects you from harm. (AC +4)
You are completely covered in sharp spines.
A meltable shield of frost defends you. (SH +4)


Message History

Press: ? - help, Dir - move target, p - steelbarb worm
As you read the scroll of blinking, it crumbles to dust.
The entropy weaver points at you and mumbles some strange words.
The entropic weave corrodes you!
Okay, then.
You feel better.
Unknown command.
You feel very mighty all of a sudden. The demonic crawler closely misses you.
You block the demonic crawler's attack. x2
The wolf spider is struck by your spines.
The wolf spider misses you. The wolf spider barely misses you.
Unknown command.
You thump the demonic crawler!
The demonic crawler is moderately wounded.
Your shadow hits the demonic crawler with a flail.
Your +2 flail of Amorality {spect, rN+ Will+ MP+9 Dex-2} hits the demonic crawler.
You block the demonic crawler's attack. x3; The wolf spider hits you.
You block the wolf spider's attack.
The wolf spider is struck by your spines.
The wolf spider barely misses you. The wolf spider bites you.
The steelbarb worm hits your +2 flail of Amorality {spect, rN+ Will+ MP+9 Dex-2}!
Your spectral weapon shares its damage with you!
You emit a cloud of dark smoke.
The demonic crawler misses you. The demonic crawler barely misses you.
The demonic crawler hits you!
* * * LOW HITPOINT WARNING * * *
The wolf spider is struck by your spines.
The wolf spider hits you.
* * * LOW HITPOINT WARNING * * *
You block the wolf spider's attack. The wolf spider hits you!
* * * LOW HITPOINT WARNING * * *
You emit a cloud of dark smoke.
The wolf spider barely misses you.
Unknown command.
The wolf spider attacks as you move away!
You block the wolf spider's attack. The wolf spider bites you.
* * * LOW HITPOINT WARNING * * *
Your +2 flail of Amorality {spect, rN+ Will+ MP+9 Dex-2} disappears.
You block the demonic crawler's attack. x2; The demonic crawler hits you!
* * * LOW HITPOINT WARNING * * *
You block the wolf spider's attack. x2; The demonic crawler hits you!
You die...

###### ##############
##....######..§§#§.##...###
#......#..##..§@ss##...#.w
##....#..[....wsw......#####
#.#.....<......§B.§w§.......
####...#.........##.§.§...#
#......#.........###§§§§.##
#......###...#..###(§§§.#B#
##.......#..##### ##§§§.# .s
##.....##### #.§§.# .
###.....# #...#.#


You could see an entropy weaver, 2 steelbarb worms, a demonic crawler and 2 wolf
spiders.

Vanquished Creatures
  Jorgrun (D:13)
  A tentacled monstrosity (Swamp:2)
  3 deep elf blademasters
  4 deep elf master archers (Elf:3)
  A rockslime (IceCv)
  Roxanne (Spider:1)
  6 deep elf sorcerers (Elf:3)
  3 azure jellies (IceCv)
  Aizul (Elf:3)
  An orc warlord (Orc:1)
  Louise (D:15)
  5 deep elf elementalists (Elf:3)
  3 quicksilver oozes (IceCv)
  Nessos (D:15)
  7 deep elf demonologists
  A spark wasp (Spider:2)
  A bunyip (Swamp:1)
  8 deep elf annihilators (Elf:3)
  Azrael (D:15)
  5 deep elf death magi
  Snorg (Lair:4)
  An ettin (D:15)
  An entropy weaver (shapeshifter) (Elf:2)
  2 deep elf high priests (Elf:3)
  Erolcha (D:13)
  3 centaur warriors
  11 hydras
  Fannar (D:10)
  A death knight (D:15)
  A radroach (Spider:1)
  A catoblepas (Lair:4)
  8 alligators
  3 boulder beetles
  31 dancing weapons
  15 death yaks
  2 two-headed ogres
  Urug (Lair:4)
  3 orc high priests (Orc:2)
  A hell knight (D:15)
  Amaemon (Lair:3)
  24 deep elf knights
  3 skysharks
  A sun moth (Spider:1)
  2 pharaoh ants
  4 goliath frogs
  A skeletal warrior (D:15)
  3 orb spiders
  2 deep trolls (D:15)
  A swamp dragon (Swamp:2)
  A bog body (Lair:3)
  An orange crystal statue (IceCv)
  16 deep elf archers
  A necromancer (D:15)
  10 orc knights
  26 deep elf zephyrmancers
  7 orc sorcerers
  5 ugly things (D:13)
  39 deep elf pyromancers
  2 will-o-the-wisps (Swamp:2)
  8 wolf spiders
  7 cyclopes
  A manticore (shapeshifter) (Elf:3)
  2 manticores
  5 elephants (Lair:4)
  3 torpor snails
  A gargoyle (D:13)
  A guardian serpent (shapeshifter) (Elf:1)
  3 black mambas
  3 demonic crawlers
  An orange demon (Lair:3)
  6 cane toads
  An unseen horror (shapeshifter) (D:14)
  3 freezing wraiths (D:15)
  7 komodo dragons
  A tengu conjurer (D:15)
  A meliai (shapeshifter) (D:14)
  A bloated husk (Swamp:2)
  4 polar bears (Lair:5)
  2 tyrant leeches
  7 hornets
  10 trolls
  A tarantella (shapeshifter) (Elf:3)
  A hornet (shapeshifter) (Elf:3)
  3 tarantellas (Spider:1)
  4 blink frogs (Lair:5)
  8 dream sheep
  4 air elementals
  28 slime creatures
  7 culicivoras
  A wraith (D:11)
  21 spriggans
  12 jumping spiders
  3 dire elephant simulacra (Swamp:2)
  5 hogs (Lair:4)
  A shadow (D:11)
  3 fire elementals
  4 water elementals
  3 wyverns
  3 basilisks
  57 yaks
  A redback (shapeshifter) (D:14)
  2 vampire mosquitoes (D:12)
  2 steam dragons
  2 minotaur simulacra (Swamp:2)
  7 redbacks
  16 swamp worms
  8 wargs
  Edmund (D:5)
  An acid dragon (D:12)
  5 hell hounds (D:15)
  10 water moccasins
  40 orc warriors
  5 black bears
  4 great orb of eyes simulacra (IceCv)
  3 ice beasts
  A sky beast (D:6)
  5 ogres
  3 alligator simulacra (Swamp:2)
  24 wolves
  5 boggarts (Lair:5)
  A phantom (D:4)
  4 slime creature simulacra (IceCv)
  13 bullfrogs
  5 scorpions
  6 earth elementals
  5 glowing shapeshifter simulacra (IceCv)
  A gnoll sergeant (D:11)
  12 wights
  6 killer bees (D:10)
  6 electric eels
  5 howler monkeys
  25 orc priests
  4 hounds
  Crazy Yiuf (D:3)
  2 iguanas
  A sleepcap (D:5)
  Jessica (D:3)
  2 gnoll boudas
  35 orc wizards
  2 lightning spires (Swamp:2)
  13 gnolls
  5 adders
  9 river rats (Sewer)
  3 shadow imps
  4 white imps (D:5)
  3 ufetubi
  2 worms
  A dart slug (D:5)
  68 orcs
  5 bats
  2 endoplasms
  5 giant cockroaches
  2 goblins
  6 hobgoblins
  4 jackals (D:1)
  2 quokkas (D:1)
  10 ball pythons
  A frilled lizard (D:1)
  24 kobolds
  28 rats
  2 ball lightnings (Swamp:2)
1021 creatures vanquished.

Vanquished Creatures (collateral kills)
  An orange crystal statue (IceCv)
1 creature vanquished.

Vanquished Creatures (others)
  Kirke (Lair:4)
  An orc (Orc:1)
2 creatures vanquished.

Grand Total: 1024 creatures vanquished

Notes
Turn   | Place    | Note
-------+----------+-------------------------------------------
     0 | D:1      | DemonSlayer the Demonspawn Earth Elementalist began the
                  | quest for the Orb.
     0 | D:1      | Reached XP level 1. HP: 13/13 MP: 3/3
   229 | D:1      | Gained mutation: You are partially covered in sharp spines.
                  | [demonic ancestry]
   229 | D:1      | Reached XP level 2. HP: 15/19 MP: 0/5
  1146 | D:2      | Gained mutation: You are partially covered in rugged brown
                  | scales. (AC +1, +3% HP) [demonic ancestry]
  1146 | D:2      | Reached XP level 3. HP: 10/24 MP: 1/6
  1455 | D:2      | Found Bodorchu's Distillery.
  1463 | D:2      | Bought a potion of heal wounds for 70 gold pieces
  1484 | D:2      | Found a faded altar of an unknown god.
  1727 | D:2      | Learned a level 2 spell: Passwall
  1731 | D:2      | Learned a level 3 spell: Stone Arrow
  1804 | D:3      | Noticed Jessica
  1810 | D:3      | Killed Jessica
  1811 | D:3      | Reached skill level 3 in Spellcasting
  1811 | D:3      | Gained mutation: You are mostly covered in sharp spines.
                  | [demonic ancestry]
  1811 | D:3      | Reached XP level 4. HP: 30/30 MP: 3/8
  2471 | D:3      | Found a runed translucent door.
  2472 | D:3      | Noticed Crazy Yiuf
  2515 | D:4      | Noticed a steam dragon
  2516 | D:4      | Noticed a scorpion
  2526 | D:4      | Killed a steam dragon
  2527 | D:4      | Gained mutation: A meltable shield of frost defends you.
                  | (SH +4) [demonic ancestry]
  2527 | D:4      | Reached XP level 5. HP: 36/36 MP: 8/10
  2535 | D:4      | Reached skill level 4 in Spellcasting
  2535 | D:4      | Reached XP level 6. HP: 33/42 MP: 4/12
  2622 | D:4      | Found a glowing drain.
  2637 | Sewer    | Entered a sewer
  3697 | Sewer    | Learned a level 4 spell: Petrify
  3826 | D:4      | Found a blossoming altar of Fedhas.
  3836 | D:4      | Found a bloodstained altar of Trog.
  3876 | D:4      | Reached skill level 1 in Transmutations
  4052 | D:4      | Gained mutation: A meltable icy envelope protects you from
                  | harm. (AC +4) [demonic ancestry]
  4052 | D:4      | Reached XP level 7. HP: 39/47 MP: 5/14
  4283 | D:4      | Reached skill level 5 in Spellcasting
  4586 | D:5      | Entered Level 5 of the Dungeon
  4665 | D:5      | Reached skill level 5 in Earth Magic
  4698 | D:5      | Found a staircase to the Ecumenical Temple.
  4722 | Temple   | Entered the Ecumenical Temple
  4807 | Temple   | Became a worshipper of Dithmenos the Shadowed
  5843 | D:5      | Gained mutation: You are completely covered in sharp
                  | spines. [demonic ancestry]
  5843 | D:5      | Reached XP level 8. HP: 53/53 MP: 0/16
  5962 | D:5      | Reached skill level 6 in Spellcasting
  6013 | D:5      | Reached skill level 1 in Conjurations
  6062 | D:5      | Noticed Edmund
  6067 | D:5      | Killed Edmund
  6141 | D:5      | Found a radiant altar of Vehumet.
  6482 | D:5      | Reached * piety under Dithmenos
  6718 | D:3      | Killed Crazy Yiuf
  7595 | D:6      | Reached XP level 9. HP: 58/58 MP: 12/19
  7846 | D:7      | Reached skill level 7 in Spellcasting
  8853 | D:8      | Reached ** piety under Dithmenos
  9061 | D:8      | Found a sacrificial altar of Ru.
  9847 | D:8      | Reached skill level 1 in Short Blades
 10271 | D:9      | Reached skill level 8 in Spellcasting
 10275 | D:9      | Reached XP level 10. HP: 65/65 MP: 6/22
 10463 | D:9      | Noticed a two-headed ogre
 10470 | D:9      | Killed a two-headed ogre
 10471 | D:9      | Reached skill level 5 in Conjurations
 10564 | D:9      | Reached skill level 1 in Fighting
 11114 | D:10     | Entered Level 10 of the Dungeon
 11225 | D:10     | Identified the ring "Pomagrop" {rElec Str+4 Slay+5 SInv}
 11375 | D:10     | Noticed Fannar
 11396 | D:10     | Killed Fannar
 11397 | D:10     | Reached skill level 5 in Stealth
 11397 | D:10     | Reached skill level 1 in Evocations
 12544 | D:11     | Noticed a cyclops
 12551 | D:11     | Killed a cyclops
 12578 | D:10     | Reached skill level 9 in Spellcasting
 12809 | D:11     | Noticed a cyclops
 12813 | D:11     | Killed a cyclops
 12814 | D:11     | Reached skill level 1 in Shields
 12818 | D:11     | Reached XP level 11. HP: 73/73 MP: 3/24
 12838 | D:11     | Identified a scroll of acquirement
 12838 | D:11     | Acquired the +8 kite shield "Minwecau" {rPois}
 12952 | D:11     | Found a staircase to the Lair.
 13155 | D:11     | Noticed a boulder beetle
 13167 | D:11     | Killed a boulder beetle
 13167 | D:11     | Reached *** piety under Dithmenos
 13492 | D:11     | Noticed a boulder beetle
 13502 | D:11     | Killed a boulder beetle
 13961 | Lair:1   | Entered Level 1 of the Lair of Beasts
 14097 | Lair:1   | Reached skill level 1 in Armour
 14331 | Lair:1   | Noticed a death yak
 14344 | Lair:1   | Noticed a death yak
 14363 | Lair:1   | Killed a death yak
 14370 | Lair:1   | Killed a death yak
 14493 | Lair:1   | Reached skill level 5 in Dodging
 14704 | Lair:1   | Reached skill level 10 in Spellcasting
 14705 | Lair:1   | Reached **** piety under Dithmenos
 14957 | Lair:1   | Identified the +1 mace of Immorality {antimagic, Will-
                  | Str+4 Dex+3}
 15337 | Lair:1   | You fall into a shaft and drop 1 floor!
 15694 | Lair:3   | Gained mutation: You have a pair of small horns on your
                  | head. [demonic ancestry]
 15694 | Lair:3   | Reached XP level 12. HP: 80/80 MP: 3/26
 16108 | Lair:3   | Noticed a death yak
 16108 | Lair:3   | Noticed a death yak
 16109 | Lair:3   | Noticed a death yak
 16110 | Lair:3   | Noticed a death yak
 16111 | Lair:3   | Noticed a death yak
 16113 | Lair:3   | Found a hole to the Spider Nest.
 16114 | Lair:3   | Noticed a death yak
 16368 | Lair:3   | Killed a death yak
 16369 | Lair:3   | Reached skill level 10 in Earth Magic
 16384 | Lair:3   | Killed a death yak
 16392 | Lair:3   | Killed a death yak
 16405 | Lair:3   | Killed a death yak
 16411 | Lair:3   | Killed a death yak
 16421 | Lair:3   | Killed a death yak
 16749 | Lair:3   | Noticed Amaemon
 16758 | Lair:3   | Killed Amaemon
 16919 | Lair:3   | Found a staircase to the Swamp.
 18591 | Lair:4   | Noticed Urug
 18731 | Lair:4   | Killed Urug
 18732 | Lair:4   | Reached XP level 13. HP: 87/87 MP: 6/27
 19021 | Lair:4   | Noticed Snorg
 19029 | Lair:4   | Killed Snorg
 19030 | Lair:4   | Reached skill level 5 in Shields
 19030 | Lair:4   | Reached skill level 11 in Spellcasting
 19275 | Lair:4   | Reached ***** piety under Dithmenos
 19615 | Lair:4   | Reached skill level 5 in Short Blades
 19689 | Lair:4   | Noticed Kirke
 20072 | Lair:4   | Killed Kirke
 20678 | Lair:5   | Entered Level 5 of the Lair of Beasts
 20819 | Lair:5   | Found a viscous altar of Jiyva.
 20819 | Lair:5   | Found a staircase to the Slime Pits.
 21555 | Lair:5   | Reached XP level 14. HP: 95/95 MP: 2/29
 22757 | Lair:5   | Identified the +2 robe "Ojiesesm" {Fly Str+3}
 23016 | Lair:5   | Reached skill level 10 in Conjurations
 23159 | Lair:5   | Identified the ring "Sitecsac" {rC+ Str+3 Int+3 Dex+2}
 23332 | D:12     | Reached ****** piety under Dithmenos
 23735 | D:12     | Found a staircase to the Orcish Mines.
 23855 | D:12     | Reached skill level 12 in Spellcasting
 23923 | D:12     | Found a shimmering blue altar of Sif Muna.
 24124 | D:12     | You fall into a shaft and drop 1 floor!
 24582 | D:13     | Noticed Erolcha
 24591 | D:13     | Killed Erolcha
 24791 | D:13     | Found Zapt's Overcharged Wands.
 24882 | D:13     | Noticed Jorgrun
 24890 | D:13     | Killed Jorgrun
 25888 | D:14     | Identified the +0 cloak of Utooc {rF+ Regen+ rCorr Str+4}
 25948 | D:14     | Identified the +1 helmet of Decompression {SInv}
 26161 | D:14     | Found a gate to the Vaults.
 26500 | D:14     | Learned a level 4 spell: Dispel Undead
 26506 | D:14     | Learned a level 5 spell: Borgnjor's Vile Clutch
 26546 | D:15     | Entered Level 15 of the Dungeon
 26632 | D:15     | Noticed Nessos
 26657 | D:15     | Killed Nessos
 26658 | D:15     | Reached skill level 1 in Throwing
 26825 | D:15     | Gained mutation: You are mostly covered in rugged brown
                  | scales. (AC +2, +5% HP) [demonic ancestry]
 26825 | D:15     | Reached XP level 15. HP: 53/105 MP: 13/31
 26951 | D:15     | Found a staircase to the Depths.
 27409 | D:15     | Noticed Louise
 27424 | D:15     | Killed Louise
 28401 | D:15     | Noticed Azrael
 28450 | D:15     | Killed Azrael
 29034 | Orc:1    | Entered Level 1 of the Orcish Mines
 29561 | Orc:1    | Found Nezxacon's Distillery.
 29830 | Orc:2    | Entered Level 2 of the Orcish Mines
 29983 | Orc:2    | Found a staircase to the Elven Halls.
 30037 | Orc:2    | Found a flickering gateway to a bazaar.
 30047 | Bazaar   | Entered a bazaar
 30144 | Bazaar   | Found Bogron's Assorted Antiques.
 30144 | Bazaar   | Found Minnaub's Armour Emporium.
 30149 | Bazaar   | Bought a scroll labelled FAGRYMEDEQ for 29 gold pieces
 30149 | Bazaar   | Bought a scroll of teleportation for 87 gold pieces
 30155 | Bazaar   | Bought a +0 pair of gloves of stealth for 115 gold pieces
 30190 | Bazaar   | Found Koarph's Magic Scroll Shoppe.
 30787 | Orc:2    | Found Plog's General Store.
 30939 | Orc:2    | Found Peskitz's General Store.
 30977 | Orc:2    | Found Kaluen's Armour Emporium.
 30979 | Orc:2    | Found Vequikhe's Magic Scroll Boutique.
 31169 | Orc:2    | Bought a scroll of teleportation for 48 gold pieces
 31179 | Orc:2    | Bought a potion of mutation for 112 gold pieces
 31960 | Orc:1    | You fall into a shaft and drop 1 floor!
 32126 | Swamp:1  | Entered Level 1 of the Swamp
 32446 | Swamp:1  | Reached skill level 13 in Spellcasting
 32938 | Swamp:2  | Found a frozen archway.
 33025 | IceCv    | Entered an ice cave
 33716 | IceCv    | Got the ring of Ysean {Ice rN+}
 34377 | IceCv    | Reached skill level 5 in Fighting
 34700 | IceCv    | Reached XP level 16. HP: 114/114 MP: 23/33
 34964 | IceCv    | Found a viscous altar of Jiyva.
 35115 | IceCv    | Identified the amulet "Yckadekk" {Faith Dex+3}
 35121 | IceCv    | Got the ring of Eternal Night {Ice Str-4 Int+8 Dex-2}
 35381 | Swamp:2  | Noticed a tentacled monstrosity
 35397 | Swamp:2  | Killed a tentacled monstrosity
 36607 | Spider:1 | Entered Level 1 of the Spider Nest
 36720 | Spider:1 | Reached skill level 5 in Armour
 36749 | Spider:1 | Identified Roxanne's Almanac of the Syncline
 36749 | Spider:1 | Noticed Roxanne
 36802 | Spider:1 | Killed Roxanne
 36818 | Spider:1 | HP: 3/114 [demonic crawler (11)]
 36818 | Spider:1 | HP: 1/114 [demonic crawler (2)]
 36995 | Spider:1 | Identified the +8 hand axe "Zofrachu" {antimagic, Fly rElec
                  | rPois}
 37103 | Spider:1 | Reached skill level 10 in Shields
 37869 | Elf:1    | Entered Level 1 of the Elven Halls
 38070 | Elf:1    | Paralysed by an air elemental for 1 turns
 38073 | Elf:1    | Paralysed by an air elemental for 1 turns
 38603 | Elf:1    | Reached skill level 14 in Spellcasting
 39167 | Elf:1    | Found Guyn Ryi's Book Shop.
 39189 | Elf:1    | Found Kytao's Jewellery Shoppe.
 39360 | Elf:1    | Found Ocue's Book Shop.
 39507 | Elf:1    | Gained mutation: You have a pair of horns on your head.
                  | [demonic ancestry]
 39507 | Elf:1    | Reached XP level 17. HP: 71/116 MP: 5/35
 39709 | Elf:1    | Got Sif Muna's Book of Summoned Percussion
 39911 | Elf:1    | You fall into a shaft and drop 1 floor!
 40348 | Elf:1    | Found Qoom's Jewellery Emporium.
 40352 | Elf:1    | Bought the amulet of Vitality {RegenMP++ Regen++} for 1900
                  | gold pieces
 40352 | Elf:1    | Found the amulet of Vitality {RegenMP++ Regen++}
 41081 | Elf:2    | Found a runed translucent gate.
 41081 | Elf:2    | Found a runed translucent gate.
 41081 | Elf:2    | Found a runed translucent gate.
 41179 | Elf:2    | Noticed a deep elf blademaster
 41638 | Elf:2    | Killed a deep elf blademaster
 42031 | Elf:3    | Entered Level 3 of the Elven Halls
 42419 | Elf:3    | Noticed Aizul
 42427 | Elf:3    | Killed Aizul
 42541 | Elf:3    | Reached skill level 15 in Spellcasting
 43129 | Elf:3    | Found an ancient bone altar of Kikubaaqudgha.
 43382 | Elf:3    | Reached XP level 18. HP: 129/129 MP: 37/37
 43412 | Elf:3    | Paralysed by an air elemental for 1 turns
 43553 | Elf:3    | Identified the amulet "Yfiraxt" {Faith rC+}
 43596 | Elf:3    | Noticed a Tzitzimitl
 43640 | Elf:3    | Identified the amulet of Tension {Spirit Harm Dex+3}
 43842 | Elf:3    | Identified the +0 scale mail "Zeilasoi" {rPois rN+ Stlth+}
 43842 | Elf:3    | Identified the ring of the Cicada {+Blink rPois rCorr Int+2
                  | Stlth-}
 43844 | Elf:3    | Identified the amulet "Fimn" {Regen+ Dex+7}
 43945 | Elf:3    | Identified the +1 quarterstaff "Pofimis" {venom, Dex+4}
 43945 | Elf:3    | Identified the amulet of Ytel {Acrobat Dex+3}
 43965 | Elf:3    | Got the Precepts of Violent Grit
 43985 | Elf:3    | Identified the +2 flail of Amorality {spect, rN+ Will+ MP+9
                  | Dex-2}
 44077 | Elf:3    | Learned a level 8 spell: Lehudib's Crystal Spear
 44323 | Elf:3    | Learned a level 5 spell: Lee's Rapid Deconstruction
 44328 | Elf:3    | Learned a level 4 spell: Leda's Liquefaction
 44684 | Spider:2 | HP: 2/129 [demonic crawler (14)]
 44684 | Spider:2 | Mangled by a demonic crawler

Illustrated notes

Levels and vault maps discovered:
D:1:      roderic_octagonal_star, layout_loops_ring,
          chequers_serial_rivers_micro_a
D:2:      layout_basic, hellmonk_ecumenical_altar_heavens_door, serial_shops,
          shop
D:3:      layout_loops_ring, uniq_jessica, uniq_crazy_yiuf_cottage
D:4:      layout_basic, mainiacjoe_overflow_large_starburst,
          cheibrodos_sewer_entry_drain, chequers_serial_rivers_micro_e
D:5:      layout_basic, vehumet_altar_wand_db,
          minmay_temple_entry_gardened_gates, uniq_edmund
D:6:      layout_basic, nicolae_lava_and_water
D:7:      layout_basic
D:8:      layout_basic, nicolae_ru_the_path_less_chosen,
          nicolae_underground_beach
D:9:      layout_gridville
D:10:     layout_basic, uniq_fannar
D:11:     layout_gridville, erik_lair_orcish_takeover
D:12:     layout_cave_pools, david_orc_5, led_sif_pool
D:13:     layout_small_grid, nicolae_shop_overcharged_wands, uniq_jorgrun,
          uniq_erolcha
D:14:     layout_roguey, david_vaults_2, minmay_misc_feat_tower, minivault_26
D:15:     hangedman_depths_entry_civil_slaughter, layout_basic, grunt_decor_cap,
          chequers_serial_rivers_room_b, nooodl_orcs_dogs, uniq_azrael,
          uniq_louise, uniq_nessos
Temple:   dpeg_five_rooms_temple
Lair:1:   layout_loops_ring, serial_bayou_pond_e, grunt_megastairs_3,
          lemuel_fruit_fields, lemuel_fruit_tree
Lair:2:   layout_roguey, nicolae_quartered_pool_little,
          nicolae_lair_run_with_the_wolves
Lair:3:   layout_cave_pods, nicolae_swamp_entry_splash_gauntlet,
          nicolae_spider_entry_lesser_pyramids, uniq_amaemon
Lair:4:   layout_gridlike, wad_woods_03, uniq_kirke, uniq_urug, uniq_snorg
Lair:5:   minmay_lair_end_enchanted_forest, layout_long_grid, slime_entry_1,
          st_stairs_3, worms_lemuel
Swamp:1:  layout_basic_swamp, hangedman_swamp_pad
Swamp:2:  layout_basic_swamp, portal_ice_cave_entry_ice_simulacra,
          nicolae_swamp_well_well_well, hangedman_swamp_phenomena,
          infiniplex_staircase_pool
Spider:1: layout_spider_delve, uniq_roxanne
Spider:2: layout_spider_delve, nicolae_spider_some_kinda_spiderbox,
          hangedman_spider_tarantella_strand
Orc:1:    layout_caves, serial_shops, nicolae_shop_window_shopping
Orc:2:    st_orc_elflike, layout_diamond_mine, basic_altar, serial_shops,
          bzr_entry_road
Elf:1:    eino_elf_arrival_customs, layout_gridlike, serial_shops,
          nicolae_shop_pleasant_corner_grove, minmay_elf_sorcery,
          minmay_shop_grove
Elf:2:    elven_hall_of_blades_hangedman_original [mumra_blade_entry_bloodbath],
          layout_loops_ring, nicolae_elf_variegated_diamond
Elf:3:    minmay_elf_hall_furrowed, layout_geoelf_grid, basic_altar,
          grunt_megastairs_2, uniq_aizul

Skill      XL: |  1  2  3  4  5  6  7  8  9 10 11 12 13 14 15 16 17 18 |
---------------+-------------------------------------------------------+-----
Dodging        | 2 3 4 5 7 8 9 |  9.5
Earth Magic    | 3 4 5 6 8 9 10 11 12 13 14 | 14.8
Stealth        | 2 3 4 5 6 7 8 9 |  9.2
Spellcasting   | 3 4 5 6 8 9 10 11 12 13 14 15 | 15.6
Transmutations | 1 2 |  2.3
Conjurations   | 3 4 6 7 8 9 10 11 12 13 14 | 14.4
Short Blades   | 1 2 4 5 6 7 |  7.2
Fighting       | 1 2 3 4 5 |  5.8
Evocations     | 2 3 4 |  4.0
Shields        | 1 3 4 6 8 9 10 11 | 11.6
Armour         | 1 2 3 4 5 6 |  6.4
Throwing       | 1 |  1.5
Unarmed Combat | |  0.7

Action                     |  1- 3 |  4- 6 |  7- 9 | 10-12 | 13-15 | 16-18 || total
---------------------------+-------+-------+-------+-------+-------+-------++-------
  Melee: Dagger            |    15 |     9 |    33 |   198 |   659 |   205 ||  1119
         Unarmed           |     1 |       |       |       |     3 |       ||     4
         Headbutt          |       |       |       |    29 |   222 |    74 ||   325
         Flail             |       |       |       |       |       |    15 ||    15
  Throw: Javelin           |       |       |       |       |    14 |     4 ||    18
         Dart              |       |       |       |       |       |     3 ||     3
   Cast: Sandblast         |    43 |    98 |    13 |       |       |       ||   154
         Passwall          |       |     2 |       |       |       |       ||     2
         Stone Arrow       |       |       |   131 |   225 |   583 |   581 ||  1520
         Petrify           |       |       |       |       |     1 |       ||     1
Ability: Evoke Blink       |       |       |       |       |       |     1 ||     1
  Evoke: Wand              |       |     3 |       |    35 |     5 |    15 ||    58
         Phantom mirror    |       |       |       |       |     2 |       ||     2
    Use: Scroll            |     4 |       |     9 |    12 |    20 |    16 ||    61
         Potion            |       |       |     1 |     2 |    24 |    15 ||    42
   Stab: Sleeping          |     3 |     3 |     8 |    15 |    30 |    23 ||    82
         Distracted        |       |       |       |       |     1 |     3 ||     4
 Armour: Robe              |       |     5 |       |       |       |       ||     5
         Steam dragon scal |       |    22 |    40 |    12 |       |       ||    74
         Troll leather arm |       |       |       |    47 |   151 |    85 ||   283
  Dodge: Dodged            |    19 |    33 |    35 |    73 |   290 |   248 ||   698
  Block: Other             |       |    20 |     6 |     9 |       |       ||    35
         Kite shield       |       |       |       |   228 |   958 |   621 ||  1807
